 Dungeon Crawl Stone Soup version 0.30-a0-737-gf23d94013f (webtiles) character file.

Game seed: 12032552175571789355

32 NinjaNoafa the Shield-Bearer (level 3, 19/19 HPs)
             Began as a Vine Stalker Fighter on Feb 1, 2023.
             Quit the game on level 2 of the Dungeon.
             The game lasted 00:03:19 (1344 turns).

NinjaNoafa the Shield-Bearer (Vine Stalker Fighter) Turns: 1344, Time: 00:03:20

Health: 19/19      AC:  6    Str: 24    XL:     3   Next: 27%
Magic:  4/4        EV:  9    Int:  8    God:
Gold:   77         SH:  5    Dex: 15    Spells: 2/2 levels left

rFire   . . .      SeeInvis .    a - +0 rapier
rCold   . . .      Faith    .    c - +0 buckler
rNeg    . . .      Spirit   +    b - +0 scale mail
rPois   .          Reflect  .    (no helmet)
rElec   .          Harm     .    (no cloak)
rCorr   .          Rampage  .    (no gloves)
Will    .....                    (no boots) Stlth
                                 (no amulet)
HPRegen 0.23/turn                l - +6 ring of strength
MPRegen 0.09/turn                (no ring)

@: no status effects
A: fangs 2, magic shield, antimagic bite, no potion heal 2
a: no special abilities


You were on level 2 of the Dungeon.
You visited 1 branch of the dungeon, and saw 2 of its levels.

You collected 77 gold pieces.

Inventory:

Hand Weapons
 a - a +0 rapier (weapon)
Missiles
 k - 4 boomerangs (quivered)
Armour
 b - a +0 scale mail (worn)
 c - a +0 buckler (worn)
Jewellery
 l - a +6 ring of strength (left hand)
Scrolls
 e - a scroll of magic mapping {unknown}
 g - 2 scrolls of identify {unknown}
Potions
 d - a potion of might
 f - 3 potions of lignification {unknown}
 h - a potion of brilliance {unknown}
 i - a potion of haste {unknown}
 j - a potion of curing {unknown}


   Skills:
 + Level 2.9 Fighting
 + Level 2.1 Short Blades
 + Level 2.6 Armour
 + Level 0.8 Dodging
 + Level 2.9 Shields


You had 2 spell levels left.
You didn't know any spells.
Your spell library was empty.

Dungeon Overview and Level Annotations

Branches:
Dungeon (2/15)

Altars:
Vehumet


Innate Abilities, Weirdness & Mutations

You have extremely sharp teeth.
When hurt, damage is shared between your health and your magic reserves.
Your bite disrupts and absorbs the magic of your enemies.
Potions cannot restore your health.


Message History

The dart slug bites you but does no damage.
You hit the dart slug.
The dart slug is almost dead.
The dart slug launches a dart at you. The slug dart hits you.
The dart slug bites you but does no damage.
You hit the dart slug but do no damage.
The dart slug is almost dead.
The dart slug briefly extends its eye-stalks.
You block the dart slug's attack. The dart slug closely misses you.
The dart slug briefly extends its eye-stalks.
You barely miss the dart slug. You bite the dart slug.
You kill the dart slug!
The dart slug bites you.
You hit the dart slug.
The dart slug is lightly wounded.
You barely miss the dart slug.
The dart slug is lightly wounded.
The dart slug bites you.
You hit the dart slug.
The dart slug is moderately wounded.
The dart slug launches a dart at you. The slug dart hits you.
You completely miss the dart slug.
The dart slug is moderately wounded.
The dart slug barely misses you.
A dart slug is nearby!
A dart slug is nearby!
You hit the dart slug but do no damage. You bite the dart slug.
You drain its power.
You feel invigorated.
The dart slug is severely wounded.
The dart slug bites you.
You hit the dart slug.
You kill the dart slug!
Found an escape hatch in the floor.
Found 7 stones.
Found a robe.
Found 2 stones.
Are you sure you want to abandon this character and quit the game? (Confirm with "yes".)

#.#......#
.#####+#......#
##
........#######
#. #.......# #.
#.......# #.
#.......# #.
#.......#########
#.
......>.........#
#.
.(.......@.####.
#. ...........#
#+ ...###[......
... #......... ..
#...........
#.###....... #+
....... .....(.


There were no monsters in sight!

Vanquished Creatures
  3 dart slugs
  4 endoplasms
  2 giant cockroaches (D:1)
  3 goblins
  2 hobgoblins (D:2)
  2 quokkas
  A ball python (D:1)
  2 bats (D:1)
  2 frilled lizards
  3 kobolds (D:1)
  A rat (D:2)
25 creatures vanquished.

Notes
Turn   | Place    | Note
-------+----------+-------------------------------------------
     0 | D:1      | NinjaNoafa the Vine Stalker Fighter began the quest for the
                  | Orb.
     0 | D:1      | Reached XP level 1. HP: 11/11 MP: 2/2
   326 | D:1      | Reached XP level 2. HP: 13/16 MP: 1/3
  1136 | D:2      | Reached XP level 3. HP: 17/19 MP: 4/4
  1289 | D:2      | Found a radiant altar of Vehumet.
  1344 | D:2      | Quit the game

Illustrated notes

Levels and vault maps discovered:
D:1:      evilmike_arrival_crescent, layout_loops_ring, serial_forest,
          infiniplex_forest_straight_2, infiniplex_forest_clump_tiny,
          infiniplex_forest_clump_small, infiniplex_forest_join,
          infiniplex_forest_zigzag_1, infiniplex_forest_end_1,
          infiniplex_forest_lined_ring, patterned_corridor
D:2:      layout_basic, basic_altar, serial_forest,
          infiniplex_forest_end_double, infiniplex_forest_straight_3,
          infiniplex_forest_lined_room_2, infiniplex_forest_lined_room_2,
          infiniplex_forest_lined_4_way, hellmonk_ecumenical_altar_run_dry,
          uniq_jessica

Skill      XL: |  1  2 |
---------------+-------+-----
Short Blades   | 2 |  2.1
Fighting       | |  2.9
Armour         | |  2.6
Dodging        | |  0.8
Shields        | |  2.9

Action                     || total
---------------------------++-------
  Melee: Rapier            ||    70
         Bite              ||    16
 Armour: Scale mail        ||    24
  Dodge: Dodged            ||    24
  Block: Buckler           ||     8

Table legend: (Time is in decaauts)
 A = Elapsed time spent in this place.
 B = Non-inter-level travel time spent in this place.
 C = Inter-level travel time spent in this place.
 D = Time resting spent in this place.
 E = Time spent auto-exploring this place.
 F = Levels seen in this place.
 G = Mean time per level.
                   A        B        C        D        E       F      G
               +--------+--------+--------+--------+--------+-----+--------+
         Total |   1353 |   1351 |      2 |      0 |   1113 |   2 |  676.5 |
       Dungeon |   1353 |   1351 |      2 |      0 |   1113 |   2 |  676.5 |
               +--------+--------+--------+--------+--------+-----+--------+

Top non-repeatable levels by time:
     D:1: 944 daAuts
     D:2: 409 daAuts
